 Dungeon Crawl Stone Soup version 0.25-a0-290-g4a1327ee3a (webtiles) character file.

Game seed: 2292814789655207023, levelgen mode: classic

105 Borgoz the Skirmisher (level 5, -2/33 HPs)
             Began as a Kobold Fighter on Dec 15, 2019.
             Was an Initiate of Ashenzari.
             Slain by a gnoll
             ... wielding a +0 spear
              (6 damage)
             ... on level 2 of the Dungeon.
             The game lasted 00:01:37 (1542 turns).

Borgoz the Skirmisher (Kobold Fighter)              Turns: 1542, Time: 00:01:37

Health: -2/33      AC:  6    Str: 14    XL:     5   Next: 8%
Magic:  5/5        EV:  9    Int: 10    God:    Ashenzari [......]
Gold:   72         SH:  9    Dex: 14    Spells: 4/4 levels left

rFire    . . .     SeeInvis .   a - +0 rapier
rCold    . . .     Gourm    .   c - +0 shield
rNeg     . . .     Faith    .   b - +0 scale mail
rPois    .         Spirit   .   (no helmet)
rElec    .         Reflect  .   (no cloak)
rCorr    .         Harm     .   (no gloves)
MR       .....                  (no boots)
Stlth    ..........             (no amulet)
HPRegen  0.11/turn              (no ring)
MPRegen  0.09/turn              (no ring)

@: no status effects
A: small, carnivore
a: Curse Item, Renounce Religion


You were on level 2 of the Dungeon.
You worshipped Ashenzari.
Ashenzari was noncommittal.
You were very full.

You visited 1 branch of the dungeon, and saw 2 of its levels.

You collected 72 gold pieces.

Inventory:

Hand Weapons
 a - a +0 rapier (weapon)
Armour
 b - a +0 scale mail (worn)
 c - a +0 shield (worn)
Jewellery
 g - an uncursed ring of resist corrosion
Scrolls
 d - 2 scrolls of teleportation {unknown}
 e - a scroll of identify {unknown}
 i - a scroll of remove curse
 j - a scroll of enchant weapon {unknown}
 k - 2 scrolls of magic mapping {unknown}
 m - a scroll of fear {unknown}
Potions
 h - a potion of curing
 l - a potion of heal wounds {unknown}
 n - a potion of degeneration {unknown}
 o - a potion of lignification {unknown}
 p - a potion of haste {unknown}
Comestibles
 f - 4 rations


   Skills:
 + Level 3.8 Fighting
 + Level 3.4 Short Blades
 * Level 3.2 Armour
 + Level 2.0 Dodging
 + Level 2.9 Shields


You had 4 spell levels left.
You didn't know any spells.
Your spell library was empty.

Dungeon Overview and Level Annotations

Branches:
Dungeon (2/15)

Altars:
Ashenzari
Makhleb
Vehumet
Yredelemnul


Innate Abilities, Weirdness & Mutations

You are small and have problems with some larger weapons.
You are carnivorous and can eat meat at any time.


Message History

The giant cockroach bites you but does no damage.
The adder bites you but does no damage. You block the gnoll's attack.
The giant cockroach barely misses you.
You barely miss the adder.
The adder is severely wounded.
The adder barely misses you. The giant cockroach bites you.
You block the gnoll's attack.
You hit the adder but do no damage.
The adder is heavily wounded.
You block the adder's attack. You block the giant cockroach's attack.
The adder closely misses you.
The gnoll hits you from afar with a +0 spear!
* * * LOW HITPOINT WARNING * * *
You puncture the adder!
You kill the adder!
You have reached level 5!
You feel clever.
The giant cockroach bites you but does no damage.
The gnoll hits you from afar with a +0 spear.
You die...

# #.#####).(........##.#.#.#..#
#####>...................#.#.....
.......####...........####.###..#
#####.## ####..(..#### #......#
##.## #.....# #####.## #...#
#.....# #...(# ####..## #.....#
#....# '.##.## #.....# ###...###
#.##.# ###@### #........ ..##.#
#...gs....# #.##.#... .###.#
#.##g...#.# #. #.#..# .....# #
#..#... . #..... .##### .....#.#
###..# .# #.##.# # #... ## ... .
.... ... . #####


You could see 2 gnolls and a giant cockroach.

Vanquished Creatures
  2 adders (D:2)
  5 gnolls
  A worm (D:2)
  A ball python (D:2)
  3 giant cockroaches
  5 hobgoblins
  A quokka (D:2)
  6 bats
  A frilled lizard (D:1)
  7 goblins
  3 kobolds
  4 rats
39 creatures vanquished.

Notes
Turn   | Place    | Note
-------+----------+-------------------------------------------
     0 | D:1      | Borgoz the Kobold Fighter began the quest for the Orb.
     0 | D:1      | Reached XP level 1. HP: 14/14 MP: 1/1
    69 | D:1      | Reached XP level 2. HP: 7/19 MP: 2/2
   359 | D:1      | Reached skill level 1 in Dodging
   374 | D:1      | Reached XP level 3. HP: 22/23 MP: 3/3
   985 | D:2      | Reached XP level 4. HP: 15/29 MP: 4/4
  1353 | D:2      | Found a faded altar of an unknown god.
  1353 | D:2      | Found a radiant altar of Vehumet.
  1358 | D:2      | Found a burning altar of Makhleb.
  1368 | D:2      | Found a shattered altar of Ashenzari.
  1369 | D:2      | Found a basalt altar of Yredelemnul.
  1375 | D:2      | Became a worshipper of Ashenzari the Shackled
  1542 | D:2      | Reached XP level 5. HP: 3/33 MP: 5/5
  1542 | D:2      | Slain by a gnoll

Levels and vault maps discovered:
D:1:      scummos_arrival_star, layout_basic, serial_park_tiny_pond,
          minivault_27
D:2:      layout_loops_cross, chequers_temple_overflow_minitemple

Skill      XL: |  1  2  3  4 |
---------------+-------------+-----
Short Blades   | 3 |  3.4
Dodging        | 1 2 |  2.0
Armour         | 3 |  3.2
Fighting       | |  3.8
Shields        | |  2.9

Action                   |  1- 3 |  4- 6 || total
-------------------------+-------+-------++-------
Melee: Rapier            |    93 |    50 ||   143
  Use: Potion            |     2 |     1 ||     3
  Eat: Chunk             |     9 |       ||     9
Armor: Scale mail        |    31 |    31 ||    62
Dodge: Dodged            |    43 |    31 ||    74
Block: Shield            |    45 |    38 ||    83

Table legend:
 A = Non-vault XP
 B = Vault XP
 C = Vault XP percentage of total XP
 D = Non-vault monster count
 E = Vault monster count
 F = Vault count percentage of total count
                 A         B        C        D         E       F
            +---------+---------+-------+---------+---------+-------
      Total |     150 |       0 |   0.0 |      39 |       0 |   0.0
            +---------+---------+-------+---------+---------+-------
        D:1 |      42 |       0 |   0.0 |      19 |       0 |   0.0
        D:2 |     108 |       0 |   0.0 |      20 |       0 |   0.0
            +---------+---------+-------+---------+---------+-------
